 Dungeon Crawl Stone Soup version 0.28.0-45-g0d030f2227 (webtiles) character file.

Game seed: 14417857452514430866

604 Bruhh the Magician (level 7, -2/50 HPs)
             Began as a Djinni Cinder Acolyte on Apr 24, 2022.
             Was a High Priest of Ignis.
             Slain by Sigmund
             ... wielding a +0 scythe
              (10 damage)
             ... on level 4 of the Dungeon.
             The game lasted 00:05:29 (4753 turns).

Bruhh the Magician (Djinni Cinder Acolyte)          Turns: 4753, Time: 00:05:29

Health: -2/50      AC:  3    Str: 13    XL:     7   Next: 70%
Gold:   83         EV: 11    Int: 17    God:    Ignis [*****.] SH:  0 Dex:  9

rFire   + + +      SeeInvis .   f - +2 quarterstaff (chaos)
rCold   x . .      Faith    .   (shield currently unavailable)
rNeg    . . .      Spirit   .   b - +0 robe
rPois   ∞          Reflect  .   (no helmet)
rElec   .          Harm     .   g - +0 cloak
rCorr   .          Rampage  .   (no gloves)
Will    .....                   (boots unavailable)
Stlth   +.........              (no amulet)
HPRegen 0.16/turn               (no ring)
MPRegen 0.00/turn               (no ring)

@: flying
A: sickness immunity, fire resistance 2, cold vulnerability 1, float, innate
caster, HP casting, extra vitality 1
a: Renounce Religion, Fiery Armour, Foxfire Swarm, Rising Flame


You were on level 4 of the Dungeon.
You worshipped Ignis.
Ignis was extremely pleased with you.
You visited 1 branch of the dungeon, and saw 4 of its levels.

You collected 83 gold pieces.

Inventory:

Hand Weapons
 a - a -1 falchion of flaming
 f - a +2 quarterstaff of chaos (weapon)
Armour
 b - a +0 robe (worn)
 g - a +0 cloak (worn)
Scrolls
 e - 5 scrolls of identify {unknown}
Potions
 c - a potion of curing
 d - 2 potions of attraction {unknown}
 h - a potion of degeneration {unknown}
 i - 2 potions of magic {unknown}
 j - a potion of heal wounds {unknown}
 k - a potion of haste {unknown}


   Skills:
 - Level 3.0 Fighting
 - Level 2.6 Long Blades
 + Level 6.4 Spellcasting


You had 11 spell levels left.
You knew the following spells:

 Your Spells              Type           Power      Damage    Failure   Level
a - Scorch                Fire           54%        2d8       1%          2
b - Sandblast             Erth           54%        2d13      1%          1
c - Call Imp              Summ           27%        N/A       1%          2
d - Corpse Rot            Necr/Air       54%        N/A       1%          2
Your spell library was empty.

Dungeon Overview and Level Annotations

Branches:
Dungeon (4/15)
 Temple: D:4-7

Altars:

Annotations:
D:4 Sigmund


Innate Abilities, Weirdness & Mutations

You are immune to sickness and miasma.
You are immune to poison.
Your flesh is very heat resistant. (rF++)
You are vulnerable to cold. (rC-)
You float through the air rather than walking.
You learn spells naturally, not from books.
Your magical power is your life essence.
You have superior vitality. (+4 MHP)


Message History

Sigmund is heavily wounded.
Sigmund's fire resistance burns away.
Flames lash Sigmund.
Sigmund is burned terribly!
Sigmund is severely wounded.
Sigmund points at you and mumbles some strange words.
The puff of flame hits you. You resist.
Flames lash Sigmund.
Sigmund is burned terribly!
Sigmund is almost dead.
Sigmund gestures at you while chanting.
You are confused.
You're too confused to cast spells.
You're too confused to move!
Sigmund screams, "Don't try to resist!"
Sigmund casts a spell.
Sigmund flickers and vanishes!
Deactivating autopickup; reactivate with Ctrl-A.
You bump into the stone wall.
A magic dart appears from out of thin air!
The magic dart hits you.
You bump into the stone wall.
You hear some strange, mumbled words.
A puff of flame appears from out of thin air!
The puff of flame hits you. You resist.
You bump into the rock wall.
You hear some strange, mumbled words.
A puff of flame appears from out of thin air!
The puff of flame misses you.
You're too confused to move!
Something hits you.
You're too confused to move!
You feel less confused.
A magic dart appears from out of thin air!
The magic dart hits you! Something hits you.
You hit something.
You hear some strange, mumbled words.
A magic dart appears from out of thin air!
The magic dart hits you!
* * * LOW HITPOINT WARNING * * *
You closely miss something. Something hits you!
You die...

#######
#######.....#.#
#....))@{.....#
#.#######..##.#
#....# ....
#....# ...#
#.###### .##
#......# ..
#......# .
##..######
#.......#


There were no monsters in sight!

Vanquished Creatures
  4 scorpions (D:4)
  Crazy Yiuf (D:2)
  2 hounds
  Jessica (D:2)
  An iguana (D:4)
  An orc wizard (D:3)
  4 gnolls (D:3)
  8 adders
  An ufetubus (D:3)
  2 worms
  4 dart slugs
  8 orcs
  5 ball pythons
  5 endoplasms
  3 giant cockroaches
  7 goblins
  5 hobgoblins
  5 quokkas
  4 bats
  2 frilled lizards
  6 kobolds
  5 rats
84 creatures vanquished.

Vanquished Creatures (collateral kills)
  An orc (D:3)
1 creature vanquished.

Grand Total: 85 creatures vanquished

Notes
Turn   | Place    | Note
-------+----------+-------------------------------------------
     0 | D:1      | Bruhh the Djinni Cinder Acolyte began the quest for the
                  | Orb.
     0 | D:1      | Reached XP level 1. HP: 20/20 MP: 0/0
   236 | D:1      | Reached XP level 2. HP: 22/25 MP: 0/0
   362 | D:1      | Found a faded altar of an unknown god.
   585 | D:1      | Reached skill level 3 in Spellcasting
  1206 | D:2      | Noticed Jessica
  1211 | D:2      | Reached XP level 3. HP: 19/30 MP: 0/0
  1211 | D:2      | Learned a level 1 spell: Sandblast
  1212 | D:2      | Killed Jessica
  1217 | D:2      | Reached XP level 4. HP: 20/35 MP: 0/0
  1945 | D:2      | Reached skill level 4 in Spellcasting
  2109 | D:2      | Reached XP level 5. HP: 34/40 MP: 0/0
  2109 | D:2      | Learned a level 2 spell: Call Imp
  2217 | D:2      | Found a runed translucent door.
  2218 | D:2      | Noticed Crazy Yiuf
  2387 | D:2      | Killed Crazy Yiuf
  2857 | D:3      | Reached XP level 6. HP: 31/46 MP: 0/0
  2865 | D:3      | Reached skill level 5 in Spellcasting
  4151 | D:4      | Reached XP level 7. HP: 33/50 MP: 0/0
  4151 | D:4      | Learned a level 2 spell: Corpse Rot
  4372 | D:4      | Reached skill level 6 in Spellcasting
  4741 | D:4      | Noticed Sigmund
  4753 | D:4      | Slain by Sigmund

Illustrated notes

Levels and vault maps discovered:
D:1:      dpeg_arrival_pits, layout_basic, shapermc_ecumenical_altar_rom_forum,
          solitary_fountain
D:2:      layout_rooms, kennysheep_generic_room_10, uniq_crazy_yiuf_cottage,
          uniq_jessica
D:3:      layout_basic, chequers_jeans
D:4:      nicolae_cairo_tiling_large_dashed, layout_rooms,
          minmay_temple_entry_crystal_x, serial_bayou_pond_e,
          hangedman_abyss_or_decor_stagger, uniq_menkaure, uniq_sigmund

Skill      XL: |  1  2  3  4  5  6  7 |
---------------+----------------------+-----
Spellcasting   | 3 4 5 6 |  6.4
Fighting       | |  3.0
Long Blades    | |  2.6

Action                   |  1- 3 |  4- 6 |  7- 9 || total
-------------------------+-------+-------+-------++-------
Melee: Falchion          |    19 |     1 |       ||    20
       Quarterstaff      |       |     3 |     2 ||     5
 Cast: Scorch            |    16 |    81 |    25 ||   122
       Call Imp          |       |     2 |       ||     2
       Corpse Rot        |       |       |     1 ||     1
 Stab: Sleeping          |     1 |       |       ||     1
Armor: Robe              |     8 |    18 |     1 ||    27
Dodge: Dodged            |     9 |    41 |     9 ||    59
